TOP OF THE 1ST |
Mexico City Cerveceros batting - Pitching for Las Vegas Stars : LHP Carlos Castillo
|
Pitching: LHP Carlos Castillo
|
|
Batting: RHB Murai Ishihara
|
0-0: Called Strike 0-1: SINGLE (Groundball, 4D)
|
Batting: LHB John Nicholson
|
0-0: Ball 1-0: Foul Ball, location: 2F 1-1: Ball 2-1: Ball Passed Ball! Murai Ishihara to second 3-1: Swinging Strike 3-2: Base on Balls
|
Batting: RHB Dave Morgan
|
0-0: Called Strike 0-1: Called Strike 0-2: Ball 1-2: Ball 2-2: Foul Ball, location: 2F 2-2: Foul Ball, location: 2F 2-2: DOUBLE (Line Drive, 7LD) Murai Ishihara scores John Nicholson to third
|
Batting: RHB Collin Smith
|
0-0: Ball 1-0: Ground out 5-3 (Groundball, 5)
|
Batting: LHB Eduardo Gómez
|
0-0: Ball 1-0: Called Strike 1-1: Ball 2-1: Foul Ball, location: 2F 2-2: Strikes out swinging
|
Batting: RHB John Dinkins
|
0-0: Swinging Strike 0-1: Ball 1-1: Ball 2-1: Ball 3-1: Ground out 5-3 (Groundball, 56S)
|
Top of the 1st over - 1 run(s), 2 hit(s), 0 error(s), 2 left on base; Mexico City 1 - Las Vegas 0 |
BOTTOM OF THE 1ST |
Las Vegas Stars batting - Pitching for Mexico City Cerveceros : LHP Sean Perry
|
Pitching: LHP Sean Perry
|
|
Batting: SHB Júlio Salazar
|
0-0: Ground out 5-3 (Groundball, 56S)
|
Batting: LHB Robinson Fernández
|
0-0: SINGLE (Flyball, 8LS)
|
Batting: RHB William Richardson
|
0-0: Ball 1-0: Ball 2-0: Foul Ball, location: 2F 2-1: Ball 3-1: Base on Balls Robinson Fernández to second
|
Batting: SHB Chris Bennis
|
0-0: Called Strike 0-1: Foul Ball, location: 2F 0-2: Ball 1-2: Foul Ball, location: 2F 1-2: Foul Ball, location: 2F 1-2: SINGLE (Flyball, 7S) Robinson Fernández to third William Richardson to second
|
Batting: RHB Pedro Mata
|
0-0: Ball 1-0: Ball 2-0: Called Strike 2-1: SINGLE (Groundball, 6M) (infield hit) Robinson Fernández scores William Richardson to third Chris Bennis to second
|
Batting: LHB Clint Parkinson
|
0-0: Fly out, F8 (Flyball, 8LM) Runner from 3rd tags up, SCORES, throw made
|
Batting: RHB Zack Flint
|
0-0: Called Strike 0-1: Foul Ball, location: 2F 0-2: Ball 1-2: Strikes out swinging
|
Bottom of the 1st over - 2 run(s), 3 hit(s), 0 error(s), 2 left on base; Mexico City 1 - Las Vegas 2 |
TOP OF THE 2ND |
Mexico City Cerveceros batting - Pitching for Las Vegas Stars : LHP Carlos Castillo
|
Batting: RHB Fernando Garza
|
0-0: Ball 1-0: Ball 2-0: Foul Ball, location: 2F 2-1: Called Strike 2-2: Ball 3-2: Strikes out looking
|
Batting: RHB Lee Price
|
0-0: Swinging Strike 0-1: Swinging Strike 0-2: Foul Ball, location: 2F 0-2: Ball 1-2: Fly out, F8 (Flyball, 89M)
|
Batting: SHB George Adams
|
0-0: Called Strike 0-1: Ball 1-1: Swinging Strike 1-2: Ball 2-2: Foul Ball, location: 2F 2-2: Ball 3-2: Foul Ball, location: 2F 3-2: Base on Balls
|
Batting: RHB Murai Ishihara
|
0-0: Foul Ball, location: 2F 0-1: Ball George Adams steals 2nd base 1-1: SINGLE (Line Drive, 4D) George Adams to third Runner from 3rd tries for Home, SAFE, no throw
|
Batting: LHB John Nicholson
|
0-0: Foul Ball, location: 2F 0-1: Called Strike 0-2: Ball 1-2: Foul Ball, location: 2F 1-2: Ball 2-2: Foul Ball, location: 2F 2-2: Ball 3-2: Strikes out looking
|
Top of the 2nd over - 1 run(s), 1 hit(s), 0 error(s), 1 left on base; Mexico City 2 - Las Vegas 2 |
BOTTOM OF THE 2ND |
Las Vegas Stars batting - Pitching for Mexico City Cerveceros : LHP Sean Perry
|
Batting: RHB Bobby Miller
|
0-0: Fly out, F9 (Flyball, 9)
|
Batting: SHB Walt Simmons
|
0-0: Swinging Strike 0-1: Ball 1-1: Swinging Strike 1-2: Strikes out looking
|
Batting: SHB Júlio Salazar
|
0-0: Ball 1-0: Bunt missed! 1-1: Ball 2-1: Ball 3-1: Base on Balls
|
Batting: LHB Robinson Fernández
|
0-0: Called Strike 0-1: Swinging Strike 0-2: Ball 1-2: Ball 2-2: Ball Júlio Salazar steals 2nd base 3-2: Foul Ball, location: 2F 3-2: Base on Balls
|
Batting: RHB William Richardson
|
0-0: Ball 1-0: Ball 2-0: Ball 3-0: Base on Balls Júlio Salazar to third Robinson Fernández to second
|
Batting: SHB Chris Bennis
|
0-0: Ball Passed Ball! Júlio Salazar scores Robinson Fernández to third William Richardson to second 1-0: Called Strike 1-1: Ball 2-1: Ball 3-1: Called Strike 3-2: Base on Balls
|
Batting: RHB Pedro Mata
|
0-0: SINGLE (Groundball, 6D) Robinson Fernández scores William Richardson to third Chris Bennis to second Runner from 3rd tries for Home, SAFE, no throw
|
Batting: LHB Clint Parkinson
|
0-0: Ground out 4-3 (Groundball, 4S)
|
Bottom of the 2nd over - 3 run(s), 1 hit(s), 0 error(s), 2 left on base; Mexico City 2 - Las Vegas 5 |
TOP OF THE 3RD |
Mexico City Cerveceros batting - Pitching for Las Vegas Stars : LHP Carlos Castillo
|
Batting: RHB Dave Morgan
|
0-0: Ball 1-0: Ball 2-0: Ball 3-0: Base on Balls
|
Batting: RHB Collin Smith
|
0-0: Called Strike 0-1: Fly out, F7 (Flyball, 78S)
|
Batting: LHB Eduardo Gómez
|
0-0: Called Strike 0-1: Ball 1-1: Swinging Strike 1-2: Ball 2-2: Ball 3-2: Strikes out looking
|
Batting: RHB John Dinkins
|
0-0: Ball 1-0: Fielders Choice at 2nd, 6-4 (Groundball, 6)
|
Top of the 3rd over - 0 run(s), 0 hit(s), 0 error(s), 0 left on base; Mexico City 2 - Las Vegas 5 |
BOTTOM OF THE 3RD |
Las Vegas Stars batting - Pitching for Mexico City Cerveceros : LHP Sean Perry
|
Batting: RHB Zack Flint
|
0-0: Ground out U3 (Groundball, 3L)
|
Batting: RHB Bobby Miller
|
0-0: Foul Ball, location: 2F 0-1: Ground out 4-3 (Groundball, 4M)
|
Batting: SHB Walt Simmons
|
0-0: Ball 1-0: Ball 2-0: Foul Ball, location: 2F 2-1: Swinging Strike 2-2: SINGLE (Line Drive, 6M)
|
Batting: SHB Júlio Salazar
|
0-0: Swinging Strike 0-1: Fly out, F9 (Flyball, 9)
|
Bottom of the 3rd over - 0 run(s), 1 hit(s), 0 error(s), 1 left on base; Mexico City 2 - Las Vegas 5 |
TOP OF THE 4TH |
Mexico City Cerveceros batting - Pitching for Las Vegas Stars : LHP Carlos Castillo
|
Batting: RHB Fernando Garza
|
0-0: Ball 1-0: Swinging Strike 1-1: Ball 2-1: Ball 3-1: Ground out 4-3 (Groundball, 4)
|
Batting: RHB Lee Price
|
0-0: Ground out 5-3 (Groundball, 5L)
|
Batting: SHB George Adams
|
0-0: Ball 1-0: Foul Ball, location: 2F 1-1: Foul Ball, location: 2F 1-2: Foul Ball, location: 2F 1-2: Ball 2-2: Ball 3-2: Ground out 6-3 (Groundball, 6)
|
Top of the 4th over - 0 run(s), 0 hit(s), 0 error(s), 0 left on base; Mexico City 2 - Las Vegas 5 |
BOTTOM OF THE 4TH |
Las Vegas Stars batting - Pitching for Mexico City Cerveceros : LHP Sean Perry
|
Batting: LHB Robinson Fernández
|
0-0: SINGLE (Groundball, 3D)
|
Batting: RHB William Richardson
|
0-0: Called Strike 0-1: Foul Ball, location: 2F 0-2: Fly out, F4 (Popup, 34)
|
Batting: SHB Chris Bennis
|
0-0: Foul Ball, location: 2F 0-1: Foul Ball, location: 2F 0-2: Foul Ball, location: 2F 0-2: Ball 1-2: Ball 2-2: Strikes out looking
|
Batting: RHB Pedro Mata
|
0-0: Foul Ball, location: 2F 0-1: SINGLE (Groundball, 6MS) (infield hit) Robinson Fernández to second
|
Batting: LHB Clint Parkinson
|
0-0: Called Strike 0-1: Called Strike 0-2: Ball 1-2: Strikes out looking
|
Bottom of the 4th over - 0 run(s), 2 hit(s), 0 error(s), 2 left on base; Mexico City 2 - Las Vegas 5 |
TOP OF THE 5TH |
Mexico City Cerveceros batting - Pitching for Las Vegas Stars : LHP Carlos Castillo
|
Pitching: RHP Roberto Moreno
|
|
Batting: RHB Murai Ishihara
|
0-0: Ball 1-0: Ball 2-0: Foul Ball, location: 2F 2-1: SINGLE (Line Drive, 34D)
|
Batting: LHB John Nicholson
|
0-0: Ball 1-0: 2-RUN HOME RUN (Flyball, 89XD), Distance : 411 ft
|
Batting: RHB Dave Morgan
|
0-0: Swinging Strike 0-1: Foul Ball, location: 2F 0-2: Ball 1-2: Strikes out swinging
|
Batting: RHB Collin Smith
|
0-0: Called Strike 0-1: Swinging Strike 0-2: Strikes out looking
|
Batting: LHB Eduardo Gómez
|
0-0: Ball 1-0: SINGLE (Line Drive, 4MD)
|
Batting: RHB John Dinkins
|
0-0: Ball 1-0: Fly out, F9 (Flyball, 9S)
|
Top of the 5th over - 2 run(s), 3 hit(s), 0 error(s), 1 left on base; Mexico City 4 - Las Vegas 5 |
BOTTOM OF THE 5TH |
Las Vegas Stars batting - Pitching for Mexico City Cerveceros : LHP Sean Perry
|
Pitching: LHP Columbo Briatori
|
|
Batting: RHB Zack Flint
|
0-0: Foul Ball, location: 2F 0-1: Ball 1-1: Called Strike 1-2: Ball 2-2: Strikes out looking
|
Batting: RHB Bobby Miller
|
0-0: Called Strike 0-1: Foul Ball, location: 2F 0-2: Foul Ball, location: 2F 0-2: Ball 1-2: Foul Ball, location: 2F 1-2: Foul Ball, location: 2F 1-2: DOUBLE (Line Drive, 78D)
|
Batting: SHB Walt Simmons
|
0-0: Ball 1-0: Ball 2-0: Ball 3-0: Called Strike 3-1: Base on Balls
|
Batting: SHB Júlio Salazar
|
0-0: Ball Bobby Miller is caught stealing 3rd base Walt Simmons to second 1-0: Foul Ball, location: 2F 1-1: Ball 2-1: SINGLE (Line Drive, 4D) Walt Simmons to third Runner from 3rd tries for Home, SAFE, no throw
|
Batting: LHB Robinson Fernández
|
0-0: Ball 1-0: Foul Ball, location: 2F 1-1: Ball 2-1: Foul Ball, location: 2F 2-2: Ball 3-2: Foul Ball, location: 2F 3-2: Fly out, F7 (Flyball, 7S)
|
Bottom of the 5th over - 1 run(s), 2 hit(s), 0 error(s), 1 left on base; Mexico City 4 - Las Vegas 6 |
TOP OF THE 6TH |
Mexico City Cerveceros batting - Pitching for Las Vegas Stars : RHP Roberto Moreno
|
Pitching: RHP Terry Adams
|
|
Batting: RHB Fernando Garza
|
0-0: Foul Ball, location: 2F 0-1: Ball 1-1: Ball 2-1: Foul Ball, location: 2F 2-2: Ball 3-2: DOUBLE (Line Drive, 3D)
|
Batting: RHB Lee Price
|
0-0: Ball 1-0: Swinging Strike 1-1: Called Strike 1-2: Ball 2-2: Strikes out swinging
|
Batting: SHB George Adams
|
0-0: Fly out, F8 (Flyball, 8RD)
|
Batting: RHB Murai Ishihara
|
0-0: Ball 1-0: Foul Ball, location: 2F 1-1: Foul Ball, location: 2F 1-2: Fly out, F7 (Flyball, 78M)
|
Top of the 6th over - 0 run(s), 1 hit(s), 0 error(s), 1 left on base; Mexico City 4 - Las Vegas 6 |
BOTTOM OF THE 6TH |
Las Vegas Stars batting - Pitching for Mexico City Cerveceros : LHP Columbo Briatori
|
Batting: RHB William Richardson
|
0-0: Called Strike 0-1: Foul Ball, location: 2F 0-2: Foul Ball, location: 2F 0-2: Ball 1-2: Ball 2-2: Foul Ball, location: 2F 2-2: Ball 3-2: Base on Balls
|
Batting: SHB Chris Bennis
|
0-0: Swinging Strike 0-1: Called Strike 0-2: Ball William Richardson steals 2nd base 1-2: Strikes out looking
|
Batting: RHB Pedro Mata
|
0-0: Foul Ball, location: 2F 0-1: Swinging Strike 0-2: Foul Ball, location: 2F 0-2: Foul Ball, location: 2F 0-2: Ball 1-2: Ball 2-2: Foul Ball, location: 2F 2-2: Foul Ball, location: 2F 2-2: Ball 3-2: Base on Balls
|
Pitching: RHP Troy Hawkins
|
|
Batting: LHB Clint Parkinson
|
0-0: Ball 1-0: Ball 2-0: Swinging Strike 2-1: Called Strike 2-2: Strikes out looking
|
Batting: RHB Zack Flint
|
0-0: Called Strike 0-1: Swinging Strike 0-2: Ball 1-2: Ball 2-2: Ball 3-2: Base on Balls William Richardson to third Pedro Mata to second
|
Batting: RHB Bobby Miller
|
0-0: Ball 1-0: Ball 2-0: Ball 3-0: Base on Balls William Richardson scores Pedro Mata to third Zack Flint to second
|
Batting: SHB Walt Simmons
|
0-0: Called Strike 0-1: Foul Ball, location: 2F 0-2: Ball 1-2: Ground out 4-3 (Groundball, 4S)
|
Bottom of the 6th over - 1 run(s), 0 hit(s), 0 error(s), 3 left on base; Mexico City 4 - Las Vegas 7 |
TOP OF THE 7TH |
Mexico City Cerveceros batting - Pitching for Las Vegas Stars : RHP Terry Adams
|
Batting: LHB John Nicholson
|
0-0: SINGLE (Groundball, 6MD)
|
Batting: RHB Dave Morgan
|
0-0: Called Strike 0-1: Ball 1-1: Ball 2-1: Called Strike 2-2: Ball 3-2: Fly out, F5 (Line Drive, 5) Lined into DP, 5-3 (Line Drive, 5)
|
Batting: RHB Collin Smith
|
0-0: Swinging Strike 0-1: Swinging Strike 0-2: Ball 1-2: SINGLE (Groundball, 34D)
|
Batting: LHB Eduardo Gómez
|
0-0: Ground out 3-1 (Groundball, 34S)
|
Top of the 7th over - 0 run(s), 2 hit(s), 0 error(s), 1 left on base; Mexico City 4 - Las Vegas 7 |
BOTTOM OF THE 7TH |
Las Vegas Stars batting - Pitching for Mexico City Cerveceros : RHP Troy Hawkins
|
Batting: SHB Júlio Salazar
|
0-0: Ball 1-0: Foul Ball, location: 2F 1-1: Swinging Strike 1-2: Ball 2-2: Ball 3-2: Strikes out swinging
|
Batting: LHB Robinson Fernández
|
0-0: Ball 1-0: Ball 2-0: Called Strike 2-1: Ball 3-1: Base on Balls
|
Batting: RHB William Richardson
|
0-0: Ball 1-0: Ball 2-0: Called Strike 2-1: Foul Ball, location: 2F 2-2: Foul Ball, location: 2F 2-2: Ball 3-2: Fly out, F4 (Line Drive, 4)
|
Batting: SHB Chris Bennis
|
0-0: Swinging Strike 0-1: Ball 1-1: Ball 2-1: Swinging Strike 2-2: Ball 3-2: Strikes out swinging
|
Bottom of the 7th over - 0 run(s), 0 hit(s), 0 error(s), 1 left on base; Mexico City 4 - Las Vegas 7 |
TOP OF THE 8TH |
Mexico City Cerveceros batting - Pitching for Las Vegas Stars : RHP Terry Adams
|
Batting: RHB John Dinkins
|
0-0: SINGLE (Groundball, 4D)
|
Pitching: RHP Arthur Green
|
|
Batting: RHB Fernando Garza
|
0-0: Foul Ball, location: 2F 0-1: Swinging Strike 0-2: Ball 1-2: Strikes out looking
|
Batting: RHB Lee Price
|
0-0: Ball 1-0: SINGLE (Groundball, 56D) John Dinkins to second
|
Pitching: RHP Mike Drader
|
|
Batting: SHB George Adams
|
0-0: Ball 1-0: Ball 2-0: Called Strike 2-1: Ball 3-1: Base on Balls John Dinkins to third Lee Price to second
|
Batting: RHB Murai Ishihara
|
0-0: Called Strike 0-1: Swinging Strike 0-2: Ball 1-2: Strikes out looking
|
Batting: LHB John Nicholson
|
0-0: Ball 1-0: Foul Ball, location: 2F 1-1: Ball 2-1: Swinging Strike 2-2: Fielders Choice at 2nd, 6-4 (Groundball, 6)
|
Top of the 8th over - 0 run(s), 2 hit(s), 0 error(s), 2 left on base; Mexico City 4 - Las Vegas 7 |
BOTTOM OF THE 8TH |
Las Vegas Stars batting - Pitching for Mexico City Cerveceros : RHP Troy Hawkins
|
Batting: RHB Pedro Mata
|
0-0: Foul Ball, location: 2F 0-1: Ball 1-1: Ball 2-1: Ball 3-1: Foul Ball, location: 2F 3-2: DOUBLE (Line Drive, 9LM)
|
Batting: LHB Clint Parkinson
|
0-0: Intentional Walk
|
Pitching: RHP Roberto Matoza
|
|
Batting: RHB Zack Flint
|
0-0: Grounds into double play, 5-4-3 (Groundball, 56) Pedro Mata to third
|
Batting: RHB Bobby Miller
|
0-0: Ball 1-0: Called Strike 1-1: Called Strike 1-2: Ball 2-2: Ball 3-2: Strikes out swinging
|
Bottom of the 8th over - 0 run(s), 1 hit(s), 0 error(s), 1 left on base; Mexico City 4 - Las Vegas 7 |
TOP OF THE 9TH |
Mexico City Cerveceros batting - Pitching for Las Vegas Stars : RHP Mike Drader
|
Pitching: RHP Pepe Vázquez
|
|
Batting: RHB Dave Morgan
|
0-0: Called Strike 0-1: Called Strike 0-2: Ball 1-2: Foul Ball, location: 2F 1-2: Ball 2-2: Strikes out looking
|
Batting: RHB Collin Smith
|
0-0: Foul Ball, location: 2F 0-1: Reached on error, E4 (Groundball, 34)
|
Batting: LHB Eduardo Gómez
|
0-0: Ball 1-0: Ball 2-0: Called Strike 2-1: Foul Ball, location: 2F 2-2: Strikes out swinging
|
Batting: RHB John Dinkins
|
0-0: Ball 1-0: Ball 2-0: Ball 3-0: Base on Balls Collin Smith to second
|
Pinch Hitting: RHB Hamilton Holbrook
|
0-0: Called Strike 0-1: Foul Ball, location: 2F 0-2: Foul Ball, location: 2F 0-2: Ball 1-2: Strikes out looking
|
Top of the 9th over - 0 run(s), 0 hit(s), 1 error(s), 2 left on base; Mexico City 4 - Las Vegas 7 |
|